 Dungeon Crawl Stone Soup version 0.31-a0-263-ge8cad7f256 (webtiles) character file.

Game seed: 17382595736718570109

83531 lmSkywalker the Grappler (level 15, -2/175 HPs)
             Began as a Purple Draconian Shapeshifter on July 12, 2023.
             Was the Champion of Wu Jian.
             Succumbed to a sea snake's poison
             ... on level 1 of the Shoals on July 13, 2023.
             The game lasted 03:00:44 (32385 turns).

lmSkywalker the Grappler (DrSh)                    Turns: 32385, Time: 03:00:44

Health: -2/175     AC: 31    Str: 20    XL:     15   Next: 32%
Magic:  1/19       EV:  2    Int:  9    God:    Wu Jian [******]
Gold:   1906       SH:  0    Dex: 16    Spells: 10/19 levels left

rFire   . .          .
                       - Unarmed
rCold   . . .        (no shield)
rNeg    . . .        (body armour unavailable)
rPois   +            E - melded +2 hat of Yxuduny {Str+2}
rElec   .            X - melded +0 cloak
rCorr   .            S - melded +1 pair of gloves of Action {rPois}
SInv    +            G - melded +5 pair of boots "Zirhef" {Int+3}
Will    ++...        p - amulet of guardian spirit
Stlth   ++++         m - ring of see invisible
HPRegen 0.49/turn    t - +4 ring of protection
MPRegen 0.16/turn

%: guardian spirit
@: mighty, lethally poisoned (-2 -> -65), tree-form, wereblooded (expiring),
very slow
A: stationary, stasis, torment immunity, boosted hp, (breathe power), AC +9,
unfitting armour, (cold-blooded), frail 1, (heat vulnerability 1)
a: Renounce Religion, Wall Jump, Serpent's Lash, Heavenly Storm


You were on level 1 of the Shoals.
You worshipped Wu Jian.
Wu Jian was exalted by your worship.
You were a tree.
You visited 6 branches of the dungeon, and saw 23 of its levels.

You collected 2677 gold pieces.
You spent 771 gold pieces at shops.

Inventory:

Missiles
 s - 11 javelins
 w - 11 boomerangs (quivered)
 F - 8 throwing nets
 Q - 8 poisoned darts
 T - 2 curare-tipped darts
 Z - 2 boomerangs of dispersal
Armour
 E - the +2 hat of Yxuduny (melded) {Str+2}
   (You acquired it on level 7 of the Dungeon)

   Str:       It affects your strength (+2).
 G - the +5 pair of boots "Zirhef" (melded) {Int+3}
   (You acquired it on level 7 of the Dungeon)

   Int:       It affects your intelligence (+3).
 S - the +1 pair of gloves of Action (melded) {rPois}
   (You bought it in a shop on level 5 of the Dungeon)

   rPois:     It protects you from poison.
 X - a +0 cloak (melded)
Jewellery
 m - a ring of see invisible (left branch)
 p - an amulet of guardian spirit (around neck)
 t - a +4 ring of protection (right branch)
 A - a ring of protection from cold
 K - a ring of flight
 R - a +6 ring of dexterity
Talismans
 h - a maw talisman
 B - a blade talisman
Wands
 g - a wand of mindburst (4)
 o - a wand of roots (6)
 y - a wand of flame (33)
 M - a wand of acid (3)
 N - a wand of paralysis (5)
Scrolls
 c - 5 scrolls of teleportation
 j - 2 scrolls of torment
 k - 2 scrolls of revelation
 l - a scroll of butterflies
 n - 2 scrolls of immolation
 q - 3 scrolls of poison {unknown}
 r - a scroll of enchant weapon
 v - 2 scrolls of amnesia
 x - 4 scrolls of blinking
 H - 2 scrolls of enchant armour
 I - a scroll of vulnerability {unknown}
 O - a scroll of silence {unknown}
 P - 3 scrolls of fear
 U - a scroll of brand weapon {unknown}
 W - 2 scrolls of fog
Potions
 b - 2 potions of haste
 e - 2 potions of might
 f - 6 potions of brilliance
 i - 4 potions of enlightenment
 u - 3 potions of cancellation
 z - 2 potions of attraction
 C - 2 potions of mutation
 D - a potion of ambrosia
 J - a potion of resistance
 L - 3 potions of curing
 Y - a potion of berserk rage


   Skills:
 - Level 11.3 Fighting
 - Level 4.2 Throwing
 - Level 10.0 Dodging
 - Level 10.0 Stealth
 - Level 14.8 Unarmed Combat
 - Level 2.9 Spellcasting
 + Level 2.2 Summonings
 - Level 2.0 Translocations
 - Level 2.1 Transmutations
 - Level 8.6 Evocations
 * Level 10.9 Shapeshifting


You had 10 spell levels left.
You knew the following spells:

 Your Spells              Type           Power      Damage    Failure   Level
a - Wereblood             Tmut           5%         N/A       19%         2
b - Blink                 Tloc           8%         N/A       21%         2
c - Call Canine Familiar  Summ           5%         N/A       36%         3
d - Passwall              Tmut/Erth      2%         N/A       30%         2

Your spell library contained the following spells:

 Spells                   Type           Power      Damage    Failure   Level
 Summon Small Mammal      Summ           20%        N/A       12%         1
 Lesser Beckoning         Tloc           8%         N/A       21%         2
 Necrotise                Necr           4%         1d4       30%         1
 Sandblast                Erth           2%         2d4       30%         1
 Momentum Strike          Conj/Tloc      6%         3d8       30%         2
 Cigotuvi's Dreadful Rot  Necr/Pois/Air  2%         N/A       43%         2
 Sublimation of Blood     Necr           1%         N/A       43%         2
 Summon Guardian Golem    Hex/Summ       3%         N/A       50%         3
 Ignite Poison            Fire/Tmut/Pois 2%         N/A       56%         3
 Stone Arrow              Conj/Erth      2%         3d7       67%         3
 Vampiric Draining        Necr           1%         2d6       67%         3
 Agony                    Necr           1%         N/A       100%        5
 Freezing Cloud           Conj/Ice/Air   0%         6-21      100%        5
 Simulacrum               Ice/Necr       0%         N/A       100%        6
 Ozocubu's Refrigeration  Ice            0%         4d7       100%        7
 Summon Hydra             Summ           2%         N/A       100%        7
 Lehudib's Crystal Spear  Conj/Erth      0%         10d2      100%        8
 Polar Vortex             Ice            0%         N/A       100%        9
 Animate Armour           Summ/Erth      Unusable   N/A       N/A         4

Dungeon Overview and Level Annotations

Branches:
Dungeon (12/15)            Temple (1/1) D:7            Lair (4/5) D:10
 Shoals (1/4) Lair:3       Spider (3/4) Lair:3          Orc (2/2) D:12
    Elf (0/3) Orc:2
  Slime: Lair:4-5

Altars:
Ashenzari
Cheibriados
Dithmenos
Elyvilon
Fedhas
Gozag
Hepliaklqana
Kikubaaqudgha
Makhleb
Nemelex Xobeh
Okawaru
Qazlal
Ru
Sif Muna
Trog
Uskayaw
Vehumet
Wu Jian
Xom
Yredelemnul
Zin
The Shining One
Lugonu

Shops:
D:2 =   D:5 :**   D:7 *   D:12 =   Orc:2 [?[=

Annotations:
D:11 Maurice
D:12 3 runed translucent doors, exclusion: 3 doors, dolemite99's ghost, journeyman MfSh
Lair:2 1 runed translucent door


Innate Abilities, Weirdness & Mutations

You are a tree.
Your roots penetrate the ground, keeping you stationary.
You cannot be teleported.
You are immune to unholy pain and torment.
Your maximum health is greatly increased.
Your equipment is partially melded.
((You can breathe bolts of dispelling energy.))
((Your rich purple scales are hard. (AC +9)))
You cannot fit into any form of body armour.
((You are cold-blooded and may be slowed by cold attacks.))
You are frail. (-10% HP)
((You are vulnerable to heat. (rF-)))


Message History

The merfolk aquamancer hits you but does no damage.
You pummel the sea snake!!
The sea snake is moderately wounded.
The sea snake bites you.
* * * LOW HITPOINT WARNING * * *
You are lethally poisoned!
The sea snake poisons you!
The merfolk throws a boomerang.
The boomerang hits you but does no damage.
The merfolk aquamancer casts a spell at you.
The torrent of water hits you!
* * * LOW HITPOINT WARNING * * *
The wave splashes down.
You hear a shout! x3; You hear an angry hiss.
You hear a shout!
You feel much better.
* * * LOW HITPOINT WARNING * * *
You feel extremely sick. The sea snake barely misses you.
The merfolk hits you but does no damage.
The merfolk aquamancer hits you but does no damage.
You smack the merfolk aquamancer!
You feel a bit better.
You kill the merfolk aquamancer!
The Council accepts your kill.
You hear a splash. x2
* * * LOW HITPOINT WARNING * * *
You feel very sick. The sea snake bites you.
You are more poisoned.
The sea snake poisons you!
The merfolk hits you but does no damage.
You feel much better.
Your primal bloodlust is almost over.
* * * LOW HITPOINT WARNING * * *
You feel extremely sick. The sea snake bites you.
* * * LOW HITPOINT WARNING * * *
The merfolk throws a boomerang.
The boomerang hits you.
* * * LOW HITPOINT WARNING * * *
You pummel the sea snake!! You punch the sea snake!
The sea snake is almost dead.
You die...

...# # .... #.
#..# ...##..####
.~~..~~...####
~~~~~~~......##
~~~~~~~~~~~...#..
~~~~~~~<)♣~..>..~
..~~~~~~~~S~.#.~~
...~~~~~)m~~##
##.~~~~~~~~~...~
#..~~~~~~~~~~~~
##.~~~~~~~~~~~~~
#..~~~~≈≈≈~~~~~~
#.~~~~~~≈≈≈≈~~~.
.......~~≈≈≈~~#


You could see a sea snake and a merfolk.

Vanquished Creatures
  2 ghost moths (Spider:1)
  2 broodmothers (Spider:1)
  An ettin (Orc:2)
  An entropy weaver (Spider:1)
  2 hydras
  2 catoblepae
  Erolcha (D:10)
  A merfolk aquamancer (Shoals:1)
  A radroach (Spider:1)
  3 death yaks
  5 two-headed ogres
  2 demonic crawlers
  Sonja (Lair:4)
  A pharaoh ant (Spider:1)
  5 skeletal warriors (D:11)
  2 skysharks
  A sun moth (Spider:1)
  A bog body (Lair:1)
  Pikel (D:7)
  2 lindwurms (Lair:4)
  2 ugly things
  8 orc sorcerers (Orc:2)
  8 wolf spiders
  6 steelbarb worms
  A manticore (D:12)
  10 elephants (Lair:4)
  Joseph (D:7)
  2 torpor snails
  A merfolk siren (Lair:3)
  3 gargoyles
  20 cane toads
  2 unseen horrors
  3 rime drakes
  A kobold demonologist (D:10)
  Psyche (D:8)
  6 komodo dragons
  2 ice devils (Lair:1)
  6 meliai (Lair:4)
  A queen bee (Lair:4)
  3 polar bears
  10 tarantellas
  A merfolk (Shoals:1)
  A troll (Orc:1)
  15 blink frogs
  A hornet (D:10)
  9 culicivoras
  A vampire (D:9)
  3 wraiths
  45 yaks
  2 water elementals
  22 jumping spiders
  2 wyverns (Lair:4)
  A fire bat (shapeshifter) (D:10)
  31 redbacks
  Grum (D:8)
  5 basilisks
  2 steam dragons
  Menkaure (D:7)
  2 vampire mosquitoes (D:12)
  12 wargs (Orc:2)
  2 acid dragons
  10 water moccasins
  A swamp drake (D:12)
  17 orc warriors
  3 black bears
  2 ice beasts
  2 centaurs
  4 ogres
  19 wolves
  A kobold brigand (D:6)
  4 bullfrogs
  A scorpion (D:5)
  9 wights
  40 killer bees
  A howler monkey (D:10)
  A jelly (D:6)
  2 gnoll boudas
  11 orc priests
  7 hounds
  3 iguanas
  Ijyb (D:3)
  39 orc wizards
  A troll simulacrum (Lair:1)
  18 gnolls
  5 adders
  2 naga simulacra (Lair:1)
  A white imp (Lair:1)
  4 ufetubi
  A worm (D:2)
  3 dart slugs
  86 orcs
  8 endoplasms
  3 giant cockroaches
  16 goblins
  17 hobgoblins
  7 jackals
  4 quokkas
  8 ball pythons
  5 bats
  A frilled lizard (D:1)
  18 kobolds
  5 rats
684 creatures vanquished.

Vanquished Creatures (others)
  A killer bee (Lair:4)
  An orc wizard (Orc:2)
  An adder (D:3)
  A dart slug (D:3)
  2 orcs
6 creatures vanquished.

Grand Total: 690 creatures vanquished

Notes
Turn   | Place    | Note
-------+----------+-------------------------------------------
     0 | D:1      | lmSkywalker the Draconian Shapeshifter began the quest for
                  | the Orb.
     0 | D:1      | Reached XP level 1. HP: 17/17 MP: 1/1
   198 | D:1      | Reached XP level 2. HP: 21/24 MP: 2/2
   824 | D:2      | Found Imost's Jewellery Emporium.
   832 | D:2      | Reached XP level 3. HP: 29/29 MP: 3/3
   948 | D:2      | Reached skill level 3 in Unarmed Combat
  1695 | D:3      | Reached XP level 4. HP: 35/36 MP: 4/4
  1735 | D:3      | Found a shimmering altar of Xom.
  1822 | D:3      | Found a hide-covered altar of Uskayaw.
  2360 | D:4      | Reached skill level 1 in Stealth
  2559 | D:4      | Reached skill level 4 in Unarmed Combat
  2559 | D:4      | Reached XP level 5. HP: 30/41 MP: 5/5
  2725 | D:4      | Found a glowing silver altar of Zin.
  2851 | D:4      | Noticed an ice beast
  2858 | D:4      | Killed an ice beast
  2859 | D:4      | Reached XP level 6. HP: 50/50 MP: 6/6
  3529 | D:5      | Entered Level 5 of the Dungeon
  3529 | D:5      | Noticed an ice beast
  3553 | D:5      | Found Heurghaena's Assorted Antiques.
  3553 | D:5      | Found Kaghoit's General Store.
  3553 | D:5      | Found Lilassoh's Book Shoppe.
  3946 | D:5      | Bought a scroll of blinking for 97 gold pieces
  4020 | D:5      | Found a snail-covered altar of Cheibriados.
  4516 | D:5      | Reached skill level 5 in Unarmed Combat
  4516 | D:5      | Your scales start taking on a rich purple colour.
  4516 | D:5      | Reached XP level 7. HP: 52/57 MP: 7/7
  4952 | D:5      | Learned a level 2 spell: Wereblood
  5488 | D:5      | Reached skill level 1 in Spellcasting
  5747 | D:6      | Reached XP level 8. HP: 38/66 MP: 3/10
  6355 | D:6      | Found the +7 great mace "Firestarter" {flame, immolate,
                  | rFlCloud rF++}
  6451 | D:6      | Reached skill level 6 in Unarmed Combat
  6451 | D:6      | Reached skill level 1 in Transmutations
  6631 | D:6      | Found a glowing golden altar of the Shining One.
  7023 | D:7      | Found a shadowy altar of Dithmenos.
  7128 | D:7      | Found a bloodstained altar of Trog.
  7242 | D:7      | Found a burning altar of Makhleb.
  7257 | D:7      | Found Xofistrih's Assorted Antiques.
  7359 | D:7      | Found a staircase to the Ecumenical Temple.
  7366 | Temple   | Entered the Ecumenical Temple
  7405 | Temple   | Became a worshipper of the Wu Jian Council
  7425 | D:7      | Noticed Menkaure
  7459 | D:7      | Found an ancient bone altar of Kikubaaqudgha.
  7859 | D:7      | Noticed Pikel
  7874 | D:7      | Killed Pikel
  7875 | D:7      | Reached skill level 7 in Unarmed Combat
  7875 | D:7      | Reached skill level 5 in Shapeshifting
  7875 | D:7      | Reached XP level 9. HP: 51/71 MP: 9/13
  7953 | D:7      | Found a blossoming altar of Fedhas.
  8032 | D:8      | Noticed Psyche
  8032 | D:8      | Noticed Joseph
  8044 | D:7      | Killed Joseph
  8184 | D:7      | Identified 3 scrolls of acquirement
  8185 | D:7      | Acquired the +5 pair of boots "Zirhef" {Int+3}
  8211 | D:7      | Acquired 1041 gold pieces
  8213 | D:7      | Acquired the +2 hat of Yxuduny {Str+2}
  8269 | D:7      | Killed Menkaure
  8296 | D:7      | Reached skill level 8 in Unarmed Combat
  8565 | D:7      | Bought a scroll labelled JYOCLI NANUCS for 26 gold pieces
  8565 | D:7      | Bought a scroll of blinking for 195 gold pieces
  8801 | D:8      | Noticed Grum
  8804 | D:8      | Killed Grum
  9093 | D:7      | Reached skill level 9 in Unarmed Combat
  9568 | D:8      | Killed Psyche
  9569 | D:8      | Reached XP level 10. HP: 65/78 MP: 14/14
  9628 | D:8      | Found a glowing golden altar of the Shining One.
  9846 | D:8      | Noticed a two-headed ogre
  9862 | D:8      | Killed a two-headed ogre
  9891 | D:8      | Noticed a gargoyle
  9924 | D:8      | Found an opulent altar of Gozag.
  9924 | D:8      | Found a hazy altar of Hepliaklqana.
  9969 | D:8      | Found an opulent altar of Gozag.
 10192 | D:9      | Found a basalt altar of Yredelemnul.
 10390 | D:9      | Found a sacrificial altar of Ru.
 10611 | D:9      | Reached * piety under Wu Jian
 10693 | D:9      | Reached skill level 10 in Unarmed Combat
 11387 | D:10     | Entered Level 10 of the Dungeon
 11440 | D:10     | Learned a level 2 spell: Blink
 11466 | D:10     | Reached skill level 1 in Translocations
 11503 | D:10     | Found a staircase to the Lair.
 11783 | D:10     | Reached XP level 11. HP: 74/85 MP: 11/15
 11785 | D:10     | Reached skill level 5 in Stealth
 11825 | D:10     | Noticed a two-headed ogre
 11853 | D:9      | Reached skill level 5 in Fighting
 11907 | D:10     | Reached ** piety under Wu Jian
 11975 | D:10     | Noticed Erolcha
 12106 | D:10     | Noticed a purple ugly thing
 12127 | D:10     | Killed a purple ugly thing
 12128 | D:10     | Reached skill level 11 in Unarmed Combat
 12141 | D:10     | Reached skill level 5 in Dodging
 12346 | D:10     | Killed Erolcha
 12616 | D:11     | Noticed a green ugly thing
 13343 | D:3      | Noticed Ijyb
 13352 | D:3      | Killed Ijyb
 13716 | Lair:1   | Entered Level 1 of the Lair of Beasts
 13827 | Lair:1   | Noticed a death yak
 13865 | Lair:1   | Noticed a bog body
 14119 | Lair:1   | Killed a bog body
 14128 | Lair:1   | Noticed a death yak
 14274 | Lair:1   | Killed a death yak
 14277 | Lair:1   | Reached *** piety under Wu Jian
 14390 | Lair:1   | Killed a death yak
 14520 | Lair:1   | Reached XP level 12. HP: 100/100 MP: 16/16
 14522 | Lair:1   | Reached skill level 1 in Evocations
 14906 | Lair:1   | Reached skill level 12 in Unarmed Combat
 15413 | Lair:2   | Identified the +0 robe of the Cricket {Str+3}
 15756 | Lair:2   | Noticed a catoblepas
 15764 | Lair:2   | Killed a catoblepas
 15838 | Lair:2   | Found a runed translucent door.
 16345 | Lair:2   | You fall into a shaft and drop 1 floor!
 16523 | Lair:3   | Identified the ring "Feydics" {Ice rN+}
 16546 | Lair:3   | Reached **** piety under Wu Jian
 16547 | Lair:3   | Noticed a five-headed hydra
 16557 | Lair:3   | Killed a five-headed hydra
 16574 | Lair:3   | Reached skill level 5 in Evocations
 16715 | Lair:3   | Found a hole to the Spider Nest.
 16785 | Lair:3   | Reached XP level 13. HP: 111/111 MP: 17/17
 17139 | Lair:3   | Found a staircase to the Shoals.
 17426 | D:5      | Bought a pair of warped gloves for 247 gold pieces
 17426 | D:5      | Identified the +1 pair of gloves of Action {rPois} (You
                  | bought it in a shop on level 5 of the Dungeon)
 17426 | D:5      | Bought a scroll of identify for 52 gold pieces
 17619 | Lair:2   | Upgraded the game from 0.31-a0-246-g8cbcc1cb85 to
                  | 0.31-a0-263-ge8cad7f256
 17911 | Lair:4   | Noticed Sonja
 18005 | Lair:4   | Killed Sonja
 18652 | Lair:4   | Reached skill level 13 in Unarmed Combat
 19304 | Lair:4   | Reached ***** piety under Wu Jian
 19521 | Lair:4   | Identified the ring "Xeintonu" {rN+ Int+4}
 19780 | Lair:4   | Reached skill level 1 in Throwing
 21332 | D:11     | Noticed Maurice
 21790 | D:11     | Reached XP level 14. HP: 115/119 MP: 16/18
 22341 | D:10     | Reached skill level 10 in Stealth
 22475 | D:10     | Found a staircase to the Lair.
 23258 | D:12     | Found a runed translucent gate.
 23259 | D:12     | Found a runed translucent gate.
 23260 | D:12     | Found a runed translucent gate.
 23262 | D:12     | Noticed dolemite99's ghost (journeyman MfSh)
 23541 | D:12     | Reached skill level 10 in Fighting
 23556 | D:12     | Found a staircase to the Orcish Mines.
 23769 | D:12     | Found Modumas's One-of-a-Kind Rings.
 24133 | Orc:1    | Entered Level 1 of the Orcish Mines
 24484 | Orc:2    | Entered Level 2 of the Orcish Mines
 24919 | Orc:2    | Found a staircase to the Elven Halls.
 25395 | Orc:2    | Paralysed by an orc sorcerer for 3 turns
 25425 | Orc:2    | Found Myungurr's Jewellery Shoppe.
 25425 | Orc:2    | Found Kyotz's Antique Armour Shop.
 25441 | Orc:2    | Reached ****** piety under Wu Jian
 25526 | Orc:2    | Reached skill level 14 in Unarmed Combat
 25706 | Orc:2    | Found Baerhadi's Magic Scroll Shoppe.
 25720 | Orc:2    | Bought a scroll of fear for 56 gold pieces
 25720 | Orc:2    | Bought a scroll of teleportation for 42 gold pieces
 25720 | Orc:2    | Bought a scroll of fog for 56 gold pieces
 25726 | Orc:2    | Found Qaar's Armour Shop.
 25729 | Orc:2    | Gained mutation: You are frail. (-10% HP) [a neqoxec]
 25737 | Orc:2    | Gained mutation: You are vulnerable to heat. (rF-) [a
                  | neqoxec]
 26325 | Spider:1 | Entered Level 1 of the Spider Nest
 26797 | Spider:1 | Reached skill level 10 in Dodging
 26895 | Spider:1 | Noticed a broodmother
 26926 | Spider:1 | Killed a broodmother
 28231 | Spider:1 | Noticed a broodmother
 28251 | Spider:1 | Killed a broodmother
 28556 | Spider:1 | Noticed a ghost moth
 28571 | Spider:1 | Killed a ghost moth
 28723 | Spider:1 | Reached skill level 10 in Shapeshifting
 29968 | Spider:1 | Reached XP level 15. HP: 115/115 MP: 19/19
 30791 | Spider:1 | Identified the +1 robe of Pougyh {rPois rC+}
 31260 | Spider:2 | Learned a level 3 spell: Call Canine Familiar
 31469 | Spider:2 | Learned a level 2 spell: Passwall
 31480 | Spider:2 | Reached skill level 1 in Summonings
 32260 | Spider:3 | Noticed an emperor scorpion
 32361 | Shoals:1 | Entered Level 1 of the Shoals
 32381 | Shoals:1 | HP: 2/175 [merfolk aquamancer/torrent of water (17)]
 32385 | Shoals:1 | Succumbed to a sea snake's poison

Illustrated notes

Levels and vault maps discovered:
D:1:      saegor_arrival_simple_a, layout_rooms, serial_bayou_crossing
D:2:      layout_basic, serial_shops, shop
D:3:      kennysheep_goblin_castle, layout_loops_cross, marbit_many_paths,
          xom_confusion_cloud, serial_co_window_serial, co_window_corner_a,
          co_window_paths_a, co_window_corner_a, co_window_paths_a,
          co_window_paths_b, co_window_paths_a, co_window_paths_a,
          co_window_broadway_b, co_window_broadway_a, co_window_cross_4,
          co_window_of_opportunity_b, co_window_broadway_b, co_window_paths_d,
          glass_columns_c, glass_columns_b, uniq_ijyb
D:4:      layout_basic, zin_treasury, serial_forest,
          infiniplex_forest_straight_2, infiniplex_forest_lined_3,
          infiniplex_forest_end_1, infiniplex_forest_clump_curved,
          infiniplex_forest_straight_2, infiniplex_forest_end_1,
          cheibrodos_gnoll_hut
D:5:      layout_gridville, mainiacjoe_overflow_brackets,
          nicolae_shop_distant_corner_stores, hangedman_decor_riveting,
          kennysheep_decorative_pillar, dreamdust_gnoll_farm
D:6:      layout_cave_pools, nicolae_tso_carved_into_rock
D:7:      layout_loops_ring, mainiacjoe_overflow_tiny_flanked,
          trog_hazing_becter, fedhas_altar_4,
          nicolae_dithmenos_through_a_glass_darkly, kiku_gazebo_garden_becter,
          minmay_temple_entry_gardened_gates, serial_shops, shop, uniq_menkaure,
          uniq_pikel
D:8:      layout_cave_pools, mainiacjoe_overflow_divided_tiny, enter_bailey_4,
          hangedman_feature_mirror, kennysheep_pointless_box, uniq_grum,
          uniq_psyche, uniq_joseph
D:9:      layout_stronghold, yredelemnul_altar_generic, kennysheep_mini
D:10:     minmay_opposing_rooms, layout_loops_cross, lair_entry_dummy,
          uniq_erolcha
D:11:     layout_grid_maze, uniq_maurice
D:12:     layout_basic, erik_orc_1, gammafunk_ghost_split,
          hangedman_abyss_or_decor_slice, minmay_parallelograms,
          nicolae_shop_unique_rings, serial_bayou_ford_a
Temple:   corrupted_temple
Lair:1:   dreamdust_isle_of_ice, layout_hall_layers, lemuel_fruit_tree,
          infiniplex_staircase_pool_2
Lair:2:   dreamdust_labyrinth, layout_layer_cave
Lair:3:   layout_regular_city, minmay_shoals_entry_lonely_mermaid,
          spider_nest_entry_rubble, kennysheep_catoblepas_arena,
          grunt_megastairs_4
Lair:4:   regret_index_combs_of_tragedy, layout_concentric_octagons, uniq_sonja
Shoals:1: layout_shoals, uniq_aizul
Spider:1: layout_cave_pods, hellmonk_motheaten_closet,
          hangedman_spider_tarantella_strand
Spider:2: layout_spider_delve
Spider:3: cheibrodos_spider_silkery
Orc:1:    layout_caves
Orc:2:    st_orc_town, layout_diamond_mine

Skill      XL: |  1  2  3  4  5  6  7  8  9 10 11 12 13 14 15 |
---------------+----------------------------------------------+-----
Unarmed Combat | 3 4 5 7 9 10 11 12 13 14 | 14.8
Stealth        | 1 2 3 4 7 8 9 10 | 10.0
Shapeshifting  | 4 5 7 8 9 10 | 10.9
Dodging        | 2 3 4 6 7 9 10 | 10.0
Fighting       | 3 4 7 9 10 11 | 11.3
Spellcasting   | 1 2 |  2.9
Transmutations | 2 |  2.1
Translocations | 2 |  2.0
Evocations     | 5 7 8 |  8.6
Throwing       | 2 4 |  4.2
Summonings     | 2 |  2.2

Action                     |  1- 3 |  4- 6 |  7- 9 | 10-12 | 13-15 || total
---------------------------+-------+-------+-------+-------+-------++-------
  Melee: Unarmed           |    76 |   174 |   249 |   536 |  1174 ||  2209
         Tailslap          |    14 |    31 |    52 |   109 |   227 ||   433
         Punch             |     3 |     8 |    13 |    57 |   113 ||   194
         Maw               |       |       |    19 |   234 |   388 ||   641
  Throw: Boomerang         |       |    11 |    40 |    42 |   107 ||   200
         Javelin           |       |     2 |     2 |     2 |     4 ||    10
   Cast: Wereblood         |       |       |       |     6 |    27 ||    33
Ability: Lunge             |       |       |     3 |    59 |   112 ||   174
         Whirlwind         |       |       |       |   154 |   112 ||   266
         Wall Jump         |       |       |       |     3 |     6 ||     9
         Breathe Dispellin |       |       |       |     1 |       ||     1
  Evoke: Wand              |       |       |       |     2 |       ||     2
    Use: Scroll            |       |     4 |     9 |     8 |     4 ||    25
         Potion            |       |       |     2 |     1 |     7 ||    10
   Stab: Sleeping          |     3 |     1 |     3 |    16 |    14 ||    37
         Distracted        |     1 |       |       |       |     3 ||     4
         Confused          |       |       |       |       |     1 ||     1
 Armour: Skin              |    20 |    55 |    75 |   156 |   443 ||   749
  Dodge: Dodged            |    24 |    94 |   156 |   251 |   735 ||  1260
         Form:             |     2 |       |     5 |       |       ||     7
         Beast             |     2 |       |     3 |       |       ||     5
         Maw               |       |       |     3 |       |       ||     3
         Anaconda          |       |       |     1 |       |       ||     1

Table legend: (Time is in decaauts)
 A = Elapsed time spent in this place.
 B = Non-inter-level travel time spent in this place.
 C = Inter-level travel time spent in this place.
 D = Time resting spent in this place.
 E = Time spent auto-exploring this place.
 F = Levels seen in this place.
 G = Mean time per level.
                   A        B        C        D        E       F      G
               +--------+--------+--------+--------+--------+-----+--------+
         Total |  32232 |  29581 |   2651 |   8124 |   6841 |  23 | 1401.4 |
       Dungeon |  17040 |  15222 |   1818 |   3236 |   4298 |  12 | 1420.0 |
        Temple |     51 |     41 |     10 |      0 |     21 |   1 |   51.0 |
          Lair |   7643 |   7155 |    488 |   1921 |   1673 |   4 | 1910.8 |
        Shoals |     19 |     19 |      0 |      0 |      0 |   1 |   19.0 |
   Spider Nest |   5521 |   5351 |    170 |   2756 |    479 |   3 | 1840.3 |
  Orcish Mines |   1954 |   1791 |    163 |    210 |    370 |   2 |  977.0 |
               +--------+--------+--------+--------+--------+-----+--------+

Top non-repeatable levels by time:
Spider:1: 4385 daAuts
  Lair:4: 2845 daAuts
  Lair:1: 1929 daAuts
    D:10: 1897 daAuts
     D:7: 1827 daAuts
     D:4: 1811 daAuts
     D:5: 1784 daAuts
  Lair:3: 1632 daAuts
     D:3: 1497 daAuts
     D:6: 1465 daAuts
   Orc:2: 1456 daAuts
    D:11: 1454 daAuts
     D:8: 1430 daAuts
     D:9: 1416 daAuts
  Lair:2: 1235 daAuts
